 Dungeon Crawl Stone Soup version 0.29-a0-885-gb26ba3297d (webtiles) character file.

Game seed: 4010329955946893237

153 Sabo the Digger (level 5, -2/27 HPs)
             Began as an Octopode Earth Elementalist on July 20, 2022.
             Was a Follower of Ru.
             Slain by an orc wizard
             ... wielding a +0 dagger
              (3 damage)
             ... on level 3 of the Dungeon.
             The game lasted 00:18:54 (3099 turns).

Sabo the Digger (Octopode Earth Elementalist)       Turns: 3099, Time: 00:18:55

Health: -2/27      AC:  1    Str:  8    XL:     5   Next: 35%
Magic:  7/10       EV: 13    Int: 19    God:    Ru [*.....]
Gold:   168        SH:  0    Dex: 12    Spells: 10/11 levels left

rFire   . . .      SeeInvis .   l - +0 rapier
rCold   + . .      Faith    .   (no shield)
rNeg    . . .      Spirit   .   (helmet restricted)
rPois   .          Reflect  .   (no amulet)
rElec   .          Harm     .   e - ring of ice
rCorr   .          Rampage  .   n - ring of protection from fire
Will    .....                   (no ring)
Stlth   +++.......              (no ring)
HPRegen 0.09/turn               (no ring)
MPRegen 0.12/turn               (no ring)
                                (no ring)
                                (no ring)

@: no status effects
A: almost no armour, amphibious, 8 rings, camouflage 1, frail 1, gelatinous body
1, (nimble swimmer 1), tentacles
a: Renounce Religion


You were on level 3 of the Dungeon.
You worshipped Ru.
Ru was aware of your devotion.
You visited 1 branch of the dungeon, and saw 3 of its levels.

You collected 168 gold pieces.

Inventory:

Hand Weapons
 g - a +0 sling
 l - a +0 rapier (weapon)
Missiles
 h - 4 javelins
Jewellery
 e - a ring of ice (left tentacle)
 n - a ring of protection from fire (right tentacle)
Scrolls
 c - a scroll of enchant armour
 d - a scroll of butterflies
 i - 4 scrolls of teleportation
 k - a scroll of enchant weapon {unknown}
 o - a scroll of silence {unknown}
Potions
 a - a potion of magic
 b - a potion of brilliance {unknown}
 f - a potion of invisibility {unknown}
 j - a potion of heal wounds {unknown}
 m - 2 potions of flight {unknown}


   Skills:
 + Level 0.1 Fighting
 + Level 0.1 Maces & Flails
 + Level 2.2 Dodging
 + Level 3.0 Stealth
 + Level 3.5 Spellcasting
 + Level 1.0 Transmutations
 + Level 4.6 Earth Magic


You had 10 spell levels left.
You knew the following spells:

 Your Spells              Type           Power      Damage    Failure   Level
a - Sandblast             Erth           40%        2d10      2%          1

Your spell library contained the following spells:

 Spells                   Type           Power      Damage    Failure   Level
 Passwall                 Tmut/Erth      11%        N/A       7%          2
 Stone Arrow              Conj/Erth      24%        3d8       17%         3
 Petrify                  Tmut/Erth      14%        N/A       41%         4
 Anguish                  Hex/Necr       1%         N/A       82%         4
 Enfeeble                 Hex            1%         N/A       100%        7


Dungeon Overview and Level Annotations

Branches:
Dungeon (3/15)

Altars:
Ru

Shops:
D:2 =


Innate Abilities, Weirdness & Mutations

You cannot wear most types of armour.
You are amphibious.
You can wear up to eight rings at the same time.
Your skin changes colour to match your surroundings (Stealth+).
You are frail. (-10% HP)
Your rubbery body absorbs attacks. (AC +1, EV +1)
((You are camouflaged when in or above water. (Stealth+)))
You have tentacles for arms and can constrict up to eight enemies at once.


Message History

You kill the orc!
The orc wizard shouts!
A goblin comes into view. It is wielding a +0 dagger.
The orc priest invokes the aid of Beogh against you.
Pain shoots through your body!
The goblin moves out of view.
Casting: Sandblast (safe; 2% risk of failure)
Confirm with . or Enter, or press ? or * to list all spells.
Aiming: Sandblast (safe; 2% risk of failure)
Press: ? - help, Shift-Dir - straight line, f - orc priest
Aim: an orc priest, wielding a +0 whip (79% to hit)
The blast of sand hits the orc priest!
The orc priest is heavily wounded.
The orc wizard gestures wildly while chanting.
The orc wizard flickers and vanishes!
Deactivating autopickup; reactivate with Ctrl-A.
Casting: Sandblast (safe; 2% risk of failure)
Confirm with . or Enter, or press ? or * to list all spells.
Aiming: Sandblast (safe; 2% risk of failure)
Press: ? - help, Shift-Dir - straight line, f/p - orc priest
Aim: an orc priest, wielding a +0 whip (heavily wounded, 79% to hit)
The blast of sand hits the orc priest!
You kill the orc priest!
You hear some strange, mumbled words.
A puff of flame appears from out of thin air!
The puff of flame hits you.
You hear some strange, mumbled words.
A puff of flame appears from out of thin air!
The puff of flame hits you!
* * * LOW HITPOINT WARNING * * *
Casting: Sandblast (safe; 2% risk of failure)
Confirm with . or Enter, or press ? or * to list all spells.
You can't see any susceptible monsters within range! (Use Z to cast anyway.)
You hear some strange, mumbled words.
A puff of flame appears from out of thin air!
The puff of flame hits you.
* * * LOW HITPOINT WARNING * * *
You hit something. Something hits you.
* * * LOW HITPOINT WARNING * * *
You closely miss something. Your squeeze misses something. Something hits you.
You die...

.......# #..#.....
......######..#.[.##
#####.... .... ...#...#.
......#)####.###..#...#.
...........#...#..#...#.
#######)##.#.#.#..#...#.
#.##.#......'...#.
#{##....(...#...#.
#@.....#.#..#...#.
####.#......#...#.
#.#...#..#...#.
###...#..#...#.
........#...'.
##......#...##
.......#..... ######


There were no monsters in sight!

Vanquished Creatures
  An orc priest (D:3)
  3 gnolls (D:3)
  5 adders (D:2)
  A worm (D:2)
  A dart slug (D:3)
  2 orcs (D:3)
  4 endoplasms
  A giant cockroach (D:2)
  5 goblins
  2 hobgoblins
  2 jackals (D:1)
  2 quokkas
  2 ball pythons
  5 bats
  3 frilled lizards
  4 kobolds
  4 rats
47 creatures vanquished.

Notes
Turn   | Place    | Note
-------+----------+-------------------------------------------
     0 | D:1      | Sabo the Octopode Earth Elementalist began the quest for
                  | the Orb.
     0 | D:1      | Reached XP level 1. HP: 11/11 MP: 3/3
   313 | D:1      | Reached XP level 2. HP: 17/17 MP: 3/5
  1180 | D:2      | Reached XP level 3. HP: 21/21 MP: 3/6
  1288 | D:2      | Reached skill level 4 in Earth Magic
  1770 | D:2      | Reached XP level 4. HP: 27/27 MP: 3/8
  2066 | D:2      | Found a faded altar of an unknown god.
  2078 | D:2      | Prayed at the altar of an unknown god.
  2078 | D:2      | Became a worshipper of Ru the Awakened
  2087 | D:2      | Gained mutation: You are frail. (-10% HP) [Ru sacrifice]
  2087 | D:2      | Reached * piety under Ru
  2343 | D:2      | Found Forysch's Jewellery Shoppe.
  2754 | D:3      | Reached XP level 5. HP: 27/27 MP: 8/10
  3098 | D:3      | HP: 1/27 [something (1)]
  3099 | D:3      | Slain by an orc wizard

Illustrated notes

Levels and vault maps discovered:
D:1:      minmay_arrival_jagged, layout_rooms
D:2:      mumra_celtic_spiral_tile, layout_loops_cross,
          shapermc_ecumenical_altar_venn, serial_shops, shop,
          hangedman_decor_lopped, minmay_tree_intersection
D:3:      layout_basic, st_stairs_13

Skill      XL: |  1  2  3  4 |
---------------+-------------+-----
Earth Magic    | 4 |  4.6
Stealth        | 3 |  3.0
Spellcasting   | 3 |  3.5
Fighting       | |  0.1
Maces & Flails | |  0.1
Dodging        | |  2.2
Transmutations | |  1.0

Action                   |  1- 3 |  4- 6 || total
-------------------------+-------+-------++-------
Melee: Unarmed           |     2 |       ||     2
       Constrict         |     3 |     1 ||     4
       Whip              |     1 |       ||     1
       Short sword       |     7 |       ||     7
       Tentacles         |     2 |     1 ||     3
       Rapier            |       |     4 ||     4
 Cast: Sandblast         |    32 |    29 ||    61
Invok: Sacrifice Health  |       |     1 ||     1
  Use: Scroll            |     2 |     1 ||     3
Armor: Skin              |     4 |     1 ||     5
Dodge: Dodged            |    20 |     2 ||    22

Table legend: (Time is in decaauts)
 A = Elapsed time spent in this place.
 B = Non-inter-level travel time spent in this place.
 C = Inter-level travel time spent in this place.
 D = Time resting spent in this place.
 E = Time spent auto-exploring this place.
 F = Levels seen in this place.
 G = Mean time per level.
                   A        B        C        D        E       F      G
               +--------+--------+--------+--------+--------+-----+--------+
         Total |   3161 |   3161 |      0 |    936 |      0 |   3 | 1053.7 |
       Dungeon |   3161 |   3161 |      0 |    936 |      0 |   3 | 1053.7 |
               +--------+--------+--------+--------+--------+-----+--------+

Top non-repeatable levels by time:
     D:2: 1444 daAuts
     D:1: 1059 daAuts
     D:3: 657 daAuts
